 Dungeon Crawl Stone Soup version 0.29.0-5-ge4962eb29e (console) character file.

Game seed: 10075531112108169868

14506 Olga the Grappler (level 11, -1/117 HPs)
             Began as a Troll Chaos Knight on Aug 29, 2022.
             Was a Plaything of Xom.
             Slain by a wolf (8 damage)
             ... on level 1 of the Lair of Beasts.
             The game lasted 00:20:42 (9888 turns).

Olga the Grappler (Troll Chaos Knight)              Turns: 9888, Time: 00:20:42

Health: -1/117     AC:  8    Str: 26    XL:     11   Next: 89%
Magic:  0/10       EV:  9    Int:  9    God:    Xom [*.....]
Gold:   815        SH:  0    Dex:  9    Spells: 8/10 levels left

rFire   . . .      SeeInvis .   b - +2 scimitar (flame)
rCold   . . .      Faith    .   (no shield)
rNeg    . . .      Spirit   +   N - +3 robe of the Depths {Int+3 Stlth+}
rPois   +          Reflect  .   (helmet restricted)
rElec   .          Harm     .   O - +0 cloak {rCorr}
rCorr   +          Rampage  .   (gloves unavailable)
Will    +....      Clarity  +   (boots unavailable)
Stlth   ++........ Rnd*Tele +   v - amulet of guardian spirit
HPRegen 1.09/turn               i - +4 ring of slaying
MPRegen 0.12/turn               J - +4 ring of slaying

@: unable to read
A: large, unfitting armour, claws 3, regeneration 1, shaggy fur 1, tough skin 1,
hooves 1, clarity, dopey 1, strong-willed 1, mutation resistance 1, poison
resistance, teleportitis 1, no potion heal 1, inability to read after injury 1
a: Renounce Religion


You were on level 1 of the Lair of Beasts.
You worshipped Xom.
You were a special plaything of Xom.
You visited 2 branches of the dungeon, and saw 11 of its levels.
You also visited: Ossuary.

You collected 815 gold pieces.

Inventory:

Hand Weapons
 b - a +2 scimitar of flaming (weapon)
Missiles
 q - 3 atropa-tipped darts
 r - 9 boomerangs
 u - 20 poisoned darts
 z - 3 curare-tipped darts
 A - 2 throwing nets
 G - 3 silver boomerangs
 H - 3 large rocks
Armour
 N - the +3 robe of the Depths (worn) {Int+3 Stlth+}
   (You found it on level 10 of the Dungeon)

   Int:       It affects your intelligence (+3).
   Stlth:     It makes you more stealthy.
 O - a +0 cloak of preservation (worn)
Jewellery
 i - a +4 ring of slaying (left claw)
 m - a +4 ring of protection
 v - an amulet of guardian spirit (around neck)
 w - a ring of fire
 J - a +4 ring of slaying (right claw)
 M - the ring "Futsoq" {rC- rN+ Int+8 Dex+5 SInv}
   (Xom gifted it to you on level 10 of the Dungeon)

   [ring of positive energy]

   Int:       It affects your intelligence (+8).
   Dex:       It affects your dexterity (+5).
   rC:        It makes you vulnerable to cold.
   rN:        It protects you from negative energy.
   SInv:      It lets you see invisible.
Wands
 a - a wand of polymorph (2)
 c - a wand of roots (4)
 y - a wand of mindburst (25)
 B - a wand of digging (14)
 D - a wand of light (15)
Scrolls
 o - 3 scrolls of poison
 s - 3 scrolls of teleportation
 t - 3 scrolls of immolation
 C - 3 scrolls of fog
 I - 2 scrolls of identify
 K - a scroll of enchant weapon
Potions
 e - 5 potions of flight
 f - 5 potions of ambrosia
 g - a potion of berserk rage
 h - a potion of magic
 j - 3 potions of resistance
 l - 2 potions of attraction
 n - 4 potions of might
 p - 8 potions of curing
 x - 2 potions of mutation
 F - a potion of invisibility
Miscellaneous
 L - a piece from Xom's chessboard (4/15) (quivered)


   Skills:
 + Level 10.0 Fighting
 * Level 10.1 Throwing
 - Level 1.9 Dodging
 + Level 11.8 Unarmed Combat


You had 8 spell levels left.
You knew the following spells:

 Your Spells              Type           Power      Damage    Failure   Level
a - Passwall              Tmut/Erth      0%         N/A       52%         2

Your spell library contained the following spells:

 Spells                   Type           Power      Damage    Failure   Level
 Magic Dart               Conj           0%         1d3       38%         1
 Shock                    Conj/Air       0%         1d3       38%         1
 Call Imp                 Summ           0%         N/A       52%         2
 Ensorcelled Hibernation  Hex/Ice        0%         N/A       52%         2
 Mephitic Cloud           Conj/Pois/Air  0%         N/A       77%         3
 Swiftness                Air            0%         N/A       77%         3
 Airstrike                Air            0%         2d(0-16)  99%         4
 Chain Lightning          Conj/Air       0%         N/A       100%        9
 Fire Storm               Conj/Fire      0%         5d1       100%        9
 Shatter                  Erth           0%         3d5*      100%        9


Dungeon Overview and Level Annotations

Branches:
Dungeon (10/15)            Temple (0/1) D:5            Lair (1/5) D:10
Ossuary (visited)
    Orc: D:9-12

Altars:
Dithmenos
Elyvilon
Hepliaklqana
Makhleb
Nemelex Xobeh
Okawaru
Qazlal
Ru
Trog
Wu Jian
Yredelemnul
Zin

Shops:
D:5 =   D:6 (   D:7 (

Annotations:
D:3 1 runed translucent door


Innate Abilities, Weirdness & Mutations

You are too large for most types of armour.
You have claws for hands.
Your natural rate of healing is unusually fast.
You are covered in fur. (AC +1)
You have tough skin. (AC +1)
You have large cloven feet.
You possess an exceptional clarity of mind.
You are dopey. (Int -2)
You are strong-willed. (Will+)
You are somewhat resistant to further mutation.
Your system is resistant to poisons. (rPois)
You are occasionally teleported next to monsters.
Potions are less effective at restoring your health.
You occasionally lose the ability to read scrolls when taking damage.


Message History

You hit the wolf but do no damage. Your kick misses the wolf.
The wolf is lightly wounded.
The wolf bites you but does no damage. The cane toad closely misses you.
The wolf bites you but does no damage.
You barely miss the wolf. You kick the wolf, but do no damage.
The wolf is lightly wounded.
The wolf completely misses you.
A water moccasin comes into view.
The cane toad stings you!!
You feel threatened and lose the ability to read scrolls!
* * * LOW HITPOINT WARNING * * *
The wolf bites you.
* * * LOW HITPOINT WARNING * * *
The cane toad barely misses you. The wolf bites you!
* * * LOW HITPOINT WARNING * * *
Unknown command.
Your system partially rejects the healing.
You feel much better. The cane toad stings you!!
* * * LOW HITPOINT WARNING * * *
The wolf barely misses you.
Unknown command.
Okay, then.
Okay, then.
You cannot read scrolls in your current state!
The wolf attacks as you move away! The wolf bites you but does no damage.
The wolf closely misses you.
Unknown command.
You closely miss the wolf.
The wolf is lightly wounded.
The wolf bites you but does no damage.
The cane toad stings you but does no damage.
The wolf bites you.
* * * LOW HITPOINT WARNING * * *
The cane toad stings you.
* * * LOW HITPOINT WARNING * * *
You slash the wolf! You burn the wolf. You kick the wolf!
Your claw misses the wolf.
The wolf is almost dead.
The wolf bites you!
You die...
Xom guffaws!

.........# #0
..^......# #
####.##..# ##
#.....#... .#P#
#.....#...
.....#.....#..##
.....##.###...#
..............#
......Fh.....$#
#######@#....S#
###.....# #....#
....# ......
......


You could see a cane toad and a wolf.

Vanquished Creatures
  3 hydras (D:10)
  A boulder beetle (D:8)
  A two-headed ogre (D:9)
  The ghost of Olga the Thaumaturge, a novice FoEE of Makhleb (D:5)
  A wizard (D:10)
  2 ugly things (D:8)
  Maurice (D:10)
  A gargoyle (D:8)
  An unseen horror (D:10)
  An efreet (D:10)
  A tengu conjurer (D:8)
  A shadow (D:8)
  4 wyverns
  A wraith (D:8)
  12 yaks
  A redback (D:10)
  2 water moccasins
  A sky beast (D:7)
  A black bear (D:7)
  2 ice beasts
  3 orc warriors
  2 wolves (Lair:1)
  2 ogres
  6 centaurs
  5 kobold brigands
  9 bullfrogs
  A necrophage (D:5)
  5 scorpions
  2 water moccasin zombies (Ossuary)
  An elf skeleton (D:4)
  4 wights
  The ghost of elgoggo the Trooper, a weakling DrMo (D:3)
  10 killer bees (D:9)
  4 electric eels (D:6)
  3 howler monkeys (D:9)
  5 centaur zombies (Ossuary)
  2 jellies (D:6)
  2 bullfrog zombies (Ossuary)
  A hound (D:6)
  A quasit (D:8)
  3 orc priests (D:8)
  A water moccasin simulacrum (D:5)
  6 orc wizards
  Terence (D:2)
  Natasha (D:3)
  2 centaur simulacra (D:5)
  2 ogre zombies (Ossuary)
  A scorpion simulacrum (D:5)
  A killer bee simulacrum (D:5)
  17 gnolls
  11 adders
  2 shadow imps (D:8)
  6 white imps (D:8)
  A howler monkey simulacrum (D:5)
  An ufetubus (D:8)
  3 adder zombies (Ossuary)
  3 worms
  5 dart slugs
  11 orcs
  10 bats
  3 endoplasms
  4 giant cockroaches
  12 hobgoblins
  5 jackals (D:2)
  43 kobolds
  2 quokkas
  8 ball pythons
  A frilled lizard (D:1)
  A goblin (D:4)
  7 goblin zombies (Ossuary)
  A hobgoblin zombie (Ossuary)
  5 orc skeletons (D:4)
  An orc zombie (Ossuary)
  5 rats
294 creatures vanquished.

Vanquished Creatures (collateral kills)
  An ugly thing (D:8)
1 creature vanquished.

Vanquished Creatures (others)
  2 demonic plants (D:8)
  3 fungi (Lair:1)
  4 plants
9 creatures vanquished.

Grand Total: 304 creatures vanquished

Notes
Turn   | Place    | Note
-------+----------+-------------------------------------------
     0 | D:1      | Olga the Troll Chaos Knight began the quest for the Orb.
     0 | D:1      | Reached XP level 1. HP: 22/22 MP: 0/0
   106 | D:1      | Reached XP level 2. HP: 29/29 MP: 1/1
   207 | D:1      | Found a faded altar of an unknown god.
   335 | D:1      | XOM: silly message
   772 | D:2      | Reached XP level 3. HP: 34/37 MP: 2/2
  1202 | D:2      | XOM is BORED!
  1273 | D:2      | Noticed Terence
  1280 | D:2      | Killed Terence
  1281 | D:2      | Reached skill level 4 in Unarmed Combat
  1281 | D:2      | Reached XP level 4. HP: 38/45 MP: 3/3
  1791 | D:3      | Found a runed translucent door.
  1845 | D:3      | Noticed elgoggo's ghost (weakling DrMo)
  1856 | D:3      | Killed elgoggo's ghost
  1857 | D:3      | Reached XP level 5. HP: 49/54 MP: 4/4
  1877 | D:3      | Found a runed translucent door.
  1900 | D:3      | XOM: silly message
  1931 | D:3      | XOM: 1-stop teleportation journey
  1957 | D:3      | XOM: silly message
  1991 | D:3      | Found a basalt altar of Yredelemnul.
  1999 | D:3      | Noticed Natasha
  2004 | D:3      | Killed Natasha
  2043 | D:3      | Learned a level 2 spell: Passwall
  2119 | D:3      | Reached skill level 5 in Unarmed Combat
  2374 | D:3      | Found a white marble altar of Elyvilon.
  2374 | D:3      | Found a bloodstained altar of Trog.
  2797 | D:4      | Noticed a centaur
  2807 | D:4      | Killed a centaur
  2808 | D:4      | Reached XP level 6. HP: 59/63 MP: 5/5
  2867 | D:4      | Found a sand-covered staircase.
  2872 | Ossuary  | Entered an ossuary
  2979 | Ossuary  | Reached skill level 5 in Fighting
  2979 | Ossuary  | Reached skill level 6 in Unarmed Combat
  2979 | Ossuary  | Reached XP level 7. HP: 72/72 MP: 6/6
  2979 | Ossuary  | XOM: swap monsters
  3048 | Ossuary  | Noticed a silent spectre
  3215 | D:4      | Reached skill level 7 in Unarmed Combat
  3275 | D:4      | Found a hazy altar of Hepliaklqana.
  3276 | D:4      | Found a shadowy altar of Dithmenos.
  3276 | D:4      | Noticed a shadow
  3550 | D:5      | Entered Level 5 of the Dungeon
  3582 | D:5      | XOM: 2-stop teleportation journey
  3724 | D:5      | Found an iron altar of Okawaru.
  3765 | D:5      | Reached XP level 8. HP: 80/83 MP: 7/7
  3771 | D:5      | Found Carhino's Jewellery Shoppe.
  3778 | D:5      | XOM: noise
  3949 | D:5      | Found a staircase to the Ecumenical Temple.
  3966 | D:5      | Found a runed translucent gate.
  3966 | D:5      | Found a runed translucent gate.
  3966 | D:5      | Found a runed translucent gate.
  4116 | D:5      | Noticed Olga's ghost (novice FoEE)
  4219 | D:5      | XOM: give mutations
  4219 | D:5      | Gained mutation: Potions are less effective at restoring
                  | your health. [Xom's mischief]
  4219 | D:5      | Gained mutation: You are occasionally teleported next to
                  | monsters. [Xom's mischief]
  4408 | D:5      | Killed Olga's ghost
  4409 | D:5      | Reached skill level 8 in Unarmed Combat
  4539 | D:6      | Reached skill level 9 in Unarmed Combat
  4539 | D:6      | Reached XP level 9. HP: 93/93 MP: 8/8
  4560 | D:6      | Found Fotupt's Weapon Boutique.
  4599 | D:6      | XOM: noise
  4619 | D:6      | XOM: summons friendly quasit
  4722 | D:6      | Reached skill level 1 in Throwing
  4723 | D:6      | XOM: confuse monster(s)
  4793 | D:6      | XOM: 3-stop teleportation journey
  5067 | D:6      | XOM: give mutations
  5067 | D:6      | Gained mutation: You are somewhat resistant to further
                  | mutation. [Xom's grace]
  5067 | D:6      | Gained mutation: You are strong-willed. (Will+) [Xom's
                  | grace]
  5067 | D:6      | Gained mutation: You have large cloven feet. [Xom's grace]
  5207 | D:6      | XOM: polymorph kobold -> giant cockroach
  5241 | D:6      | XOM: confuse monster(s)
  5407 | D:6      | XOM: fog
  5670 | D:7      | Found Lyebli's Antique Weapon Shoppe.
  5743 | D:7      | XOM: god gift: scroll of teleportation
  6049 | D:7      | XOM: give mutations
  6049 | D:7      | Gained mutation: Your system is resistant to poisons.
                  | (rPois) [Xom's grace]
  6049 | D:7      | Gained mutation: You possess an exceptional clarity of
                  | mind. [Xom's grace]
  6418 | D:8      | Found a sparkling altar of Nemelex Xobeh.
  6503 | D:8      | Found a burning altar of Makhleb.
  6503 | D:8      | XOM: 4-stop teleportation journey
  6527 | D:8      | Noticed a purple ugly thing
  6528 | D:8      | XOM: cast spell 'Summon Horrible Things'
  6540 | D:8      | Killed a brown ugly thing
  6556 | D:8      | Noticed a tengu conjurer
  6566 | D:8      | Killed a tengu conjurer
  6567 | D:8      | Reached skill level 5 in Throwing
  6588 | D:8      | Reached XP level 10. HP: 102/104 MP: 9/9
  6650 | D:8      | Noticed a gargoyle
  6654 | D:8      | Killed a gargoyle
  6655 | D:8      | Reached skill level 10 in Unarmed Combat
  6726 | D:8      | Identified the +7 long sword "Cuzudos" {holy, rElec rC+}
  6736 | D:8      | XOM: 1-stop teleportation journey
  6885 | D:8      | XOM: silly message
  6983 | D:8      | Noticed a boulder beetle
  6983 | D:8      | XOM: confuse monster(s)
  6987 | D:8      | Noticed a purple ugly thing
  7006 | D:8      | XOM: smoke on damage
  7024 | D:8      | Killed a cyan ugly thing
  7024 | D:8      | Noticed a cyan ugly thing
  7030 | D:8      | Killed a cyan ugly thing
  7038 | D:8      | Killed a boulder beetle
  7217 | D:8      | You fall into a shaft and drop 1 floor!
  7370 | D:8      | Reached XP level 11. HP: 88/115 MP: 7/10
  7413 | D:8      | XOM: enchant monster (good)
  7440 | D:8      | Found a sacrificial altar of Ru.
  7440 | D:8      | Found an ornate altar of the Wu Jian Council.
  7444 | D:8      | Found a stormy altar of Qazlal.
  7599 | D:9      | Noticed a two-headed ogre
  7612 | D:9      | Killed a two-headed ogre
  7613 | D:9      | Reached skill level 11 in Unarmed Combat
  7673 | D:9      | XOM: noise
  7793 | D:9      | XOM: summons 6 hostile demons
  8240 | D:9      | XOM: give mutations
  8240 | D:9      | Gained mutation: You occasionally lose the ability to read
                  | scrolls when taking damage. [Xom's mischief]
  8240 | D:9      | Gained mutation: You are dopey. (Int -2) [Xom's mischief]
  8489 | D:9      | XOM: summons friendly crimson imp
  8832 | D:10     | Entered Level 10 of the Dungeon
  8913 | D:10     | Found a runed translucent door.
  8934 | D:10     | Noticed a five-headed hydra
  9028 | D:10     | Found a staircase to the Lair.
  9069 | D:10     | Identified the ring "Futsoq" {rC- rN+ Int+8 Dex+5 SInv}
                  | (Xom gifted it to you on level 10 of the Dungeon)
  9069 | D:10     | XOM: god gift: ring "Futsoq" {rC- rN+ Int+8 Dex+5 SInv}
  9071 | D:10     | Identified the +3 robe of the Depths {Int+3 Stlth+}
  9139 | D:10     | Identified the +0 ring mail of Distant Worlds {+Blink MP+9
                  | Str-3 Dex+9}
  9145 | D:10     | Noticed Maurice
  9155 | D:10     | Killed Maurice
  9401 | D:10     | Found a glowing silver altar of Zin.
  9439 | D:10     | Killed a two-headed hydra
  9475 | D:10     | Noticed a wizard
  9481 | D:10     | Killed a wizard
  9487 | D:10     | Noticed a four-headed hydra
  9494 | D:10     | Killed a one-headed hydra
  9532 | D:10     | Noticed a six-headed hydra
  9544 | D:10     | XOM: blink monster(s)
  9545 | D:10     | HP: 3/117 [one-headed hydra (20)]
  9546 | D:10     | Killed a one-headed hydra
  9677 | D:10     | XOM: noise
  9688 | D:10     | Reached skill level 10 in Throwing
  9782 | Lair:1   | Entered Level 1 of the Lair of Beasts
  9861 | Lair:1   | XOM: 1-stop teleportation journey
  9871 | Lair:1   | Reached skill level 10 in Fighting
  9888 | Lair:1   | Slain by a wolf

Illustrated notes

Levels and vault maps discovered:
D:1:      kennysheep_arrival_forest, layout_basic, ebering_ecumenical_altar_webs
D:2:      layout_basic, chequers_serial_rivers_micro_b, uniq_terence
D:3:      layout_basic, mainiacjoe_overflow_surrounded_room,
          gammafunk_temple_overflow_elements, ebering_ghost_sewer_f,
          chequers_jeans, uniq_natasha
D:4:      layout_basic, riverfiend_overflow_shadow_ancestor,
          nicolae_ossuary_entry_catacombs
D:5:      layout_basic, okawaru_gym_becter,
          minmay_temple_entry_drinking_statues, serial_glass, glass_columns_c,
          glass_columns_a, gammafunk_ghost_icy, serial_shops, shop,
          nicolae_eternal_life
D:6:      minmay_goblin_kobold_castle, layout_basic, serial_shops,
          nicolae_shop_statue_plus, palyth_stone_intersect,
          kennysheep_generic_room_8
D:7:      layout_basic, serial_shops, nicolae_stop_n_shop_1,
          roderic_serpentine_path
D:8:      nzn_winding_woodlands_medium [nzn_winding_woodlands_5x5_perimeter,
          nzn_winding_woodlands_5x15_split_checker,
          nzn_winding_woodlands_5x5_cross, nzn_winding_woodlands_5x5_three,
          nzn_winding_woodlands_center_triple_pond,
          nzn_winding_woodlands_5x5_checkerboard,
          nzn_winding_woodlands_hourglass, nzn_winding_woodlands_5x15_garden,
          nzn_winding_woodlands_5x5_closed_star], layout_rooms,
          mainiacjoe_overflow_alcove_4, grunt_temple_overflow_open,
          serial_demonic, serial_demonic_f, serial_demonic_c, serial_demonic_c,
          serial_demonic_c, grunt_decor_one_mirror, minmay_misc_feat_rows,
          nicolae_zen_rock_garden, kb_rosetta
D:9:      layout_layer_cave, minmay_fractal_squares_diagonal_5
D:10:     layout_rooms, kennysheep_mini_moat, minivault_13, uniq_maurice
Lair:1:   layout_chaotic_city

Skill      XL: |  1  2  3  4  5  6  7  8  9 10 11 |
---------------+----------------------------------+-----
Fighting       | 3 4 5 6 7 8 9 10 | 10.0
Unarmed Combat | 4 5 6 7 9 10 11 | 11.8
Throwing       | 5 7 10 | 10.1
Dodging        | |  1.9

Action                   |  1- 3 |  4- 6 |  7- 9 | 10-12 || total
-------------------------+-------+-------+-------+-------++-------
Melee: Unarmed           |    88 |   121 |   250 |   244 ||   703
       Punch             |       |     2 |    13 |    15 ||    30
       Kick              |       |       |    26 |    91 ||   117
       Scimitar          |       |       |       |    63 ||    63
 Cast: Passwall          |       |     1 |       |       ||     1
Evoke: Piece from Xom's  |     9 |    12 |    16 |     3 ||    40
  Use: Scroll            |     8 |     4 |     6 |     9 ||    27
       Potion            |       |     1 |     1 |     5 ||     7
 Stab: Paralysed         |       |     2 |       |       ||     2
       Confused          |       |       |     2 |       ||     2
       Petrified         |       |       |     1 |       ||     1
Armor: Robe              |    43 |    54 |   158 |   217 ||   472
Dodge: Dodged            |    59 |    50 |   117 |   187 ||   413
